 Dungeon Crawl Stone Soup version 0.32-a0-132-g2d33c3cfaf (webtiles) character file.

Game seed: 12464967548688604155

46 Jannitor the Trooper (level 3, -6/41 HPs)
             Began as an Oni Chaos Knight on Feb 9, 2024.
             Was a Plaything of Xom.
             Mangled by a steam dragon (16 damage)
             ... on level 3 of the Dungeon.
             The game lasted 00:01:15 (1454 turns).

Jannitor the Trooper (Oni Chaos Knight)             Turns: 1454, Time: 00:01:16

Health: -6/41      AC:  5    Str: 18    XL:     3   Next: 68%
Magic:  3/3        EV: 10    Int: 13    God:    Xom [..*...]
Gold:   150        SH:  0    Dex:  8    Spells: 2/2 levels left

rFire   . . .        a - +0 mace (chaos)
rCold   . . .        (no shield)
rNeg    . . .        b - +2 robe
rPois   .            (helmet restricted)
rElec   .            (no cloak)
rCorr   .            (gloves unavailable)
SInv    .            (boots unavailable)
Will    .....        (no amulet)
Stlth   +            (no ring)
HPRegen 0.26/turn    (no ring)
MPRegen 0.08/turn

%: no passive effects
@: mighty
A: large, unfitting armour, horns 1, tough skin 1, double potion healing,
drunken brawling
a: Renounce Religion


You were on level 3 of the Dungeon.
You worshipped Xom.
You were a toy of Xom.
You visited 1 branch of the dungeon, and saw 3 of its levels.

You collected 150 gold pieces.

Inventory:

Hand Weapons
 a - a +0 mace of chaos (weapon)
Armour
 b - a +2 robe (worn)
Jewellery
 d - a ring of ice
Scrolls
 c - a scroll of butterflies
 e - a scroll of fog {unknown}
 f - a scroll of blinking {unknown}
 g - 4 scrolls of enchant armour {unknown}
 k - a scroll of identify {unknown}
Potions
 h - a potion of cancellation {unknown}
 j - a potion of curing {unknown}
 l - a potion of mutation {unknown}


   Skills:
 + Level 4.8 Fighting
 + Level 3.5 Maces & Flails
 + Level 2.7 Dodging


You had 2 spell levels left.
You didn't know any spells.
Your spell library was empty.

Dungeon Overview and Level Annotations

Branches:
Dungeon (3/15)

Altars:

Shops:
D:2 (


Innate Abilities, Weirdness & Mutations

You are too large for most types of armour.
You have a pair of small horns on your head.
You have tough skin. (AC +1)
You gain doubled healing and magic from potions.
Whenever you drink a healing potion, you attack all around you.


Message History

No target in view!
HP restored.
Things that are here:
a +0 short sword; 4 stones; a kobold corpse
Found a robe.
You see here a +0 robe.
Xom's power almost touches on you for a moment.
Nothing appears to happen...
Ominous!
No target in view!
You now have enough gold to buy a glowing flail on D:2.
You can access your shopping list by pressing '$'.
You now have 150 gold pieces (gained 13).
A steam dragon comes into view.
A steam dragon is nearby!
Okay, then.
Unknown command.
It was a potion of might.
You feel very mighty all of a sudden.
Xom's power almost touches on you for a moment.
You briefly become tangled in your robes.
You closely miss the steam dragon. Your headbutt misses the steam dragon.
The steam dragon barely misses you. The steam dragon claws you.
You thump the steam dragon!
The steam dragon seems to grow stronger.
Xom is highly amused!
The steam dragon is moderately wounded.
The steam dragon closely misses you.
The steam dragon claws you but does no damage.
You hit the steam dragon.
The steam dragon is poisoned.
The steam dragon is moderately wounded.
The steam dragon breathes steam at you. The ball of steam hits you!!
You barely miss the steam dragon.
The steam dragon is moderately wounded.
You are engulfed in a cloud of scalding steam.
* * * LOW HITPOINT WARNING * * *
The steam dragon closely misses you. The steam dragon completely misses you.
The steam dragon bites you!
You die...
Xom chortles!

#######.#
#.......#
#...#####
########.#
#........#
#.########
#.#
##########
#.#
#.D.......
#.#
#@########
#.# #ยง#
#.###.#
#.....#
#######


You could see a steam dragon (strong, very poisoned, catching breath).

Vanquished Creatures
  3 dart slugs
  2 ribbon worms (D:2)
  2 ball pythons (D:2)
  4 endoplasms
  2 giant cockroaches
  2 goblins (D:1)
  4 hobgoblins
  A jackal (D:2)
  3 kobolds
  2 quokkas
  2 bats (D:1)
  A frilled lizard (D:2)
  5 rats
33 creatures vanquished.

Notes
Turn   | Place    | Note
-------+----------+-------------------------------------------
     0 | D:1      | Jannitor the Oni Chaos Knight began the quest for the Orb.
     0 | D:1      | Reached XP level 1. HP: 24/24 MP: 1/1
    55 | D:1      | XOM: divination: detect items
   110 | D:1      | Reached XP level 2. HP: 32/32 MP: 2/2
   236 | D:1      | Found a faded altar of an unknown god.
   274 | D:1      | XOM: 1-stop teleportation journey
   760 | D:2      | Reached XP level 3. HP: 40/40 MP: 3/3
   786 | D:2      | Found Gatzoin's Antique Weapon Emporium.
   884 | D:2      | XOM: noise
  1304 | D:2      | XOM: divination: detect items
  1386 | D:3      | XOM: silly message
  1444 | D:3      | Noticed a steam dragon
  1450 | D:3      | XOM: silly message
  1454 | D:3      | Mangled by a steam dragon

Illustrated notes

Levels and vault maps discovered:
D:1:      lemuel_arrival_tunnels, layout_basic, basic_ecumenical_altar,
          chequers_jeans
D:2:      layout_basic, serial_shops, nicolae_shop_crystal,
          minmay_strange_pillars, minmay_hexomino_p4
D:3:      layout_basic

Action                     || total
---------------------------++-------
  Melee: Mace              ||    76
         Headbutt          ||     7
    Use: Potion            ||     1
   Stab: Sleeping          ||     1
 Armour: Robe              ||    46
  Dodge: Dodged            ||    48

Table legend: (Time is in decaauts)
 A = Elapsed time spent in this place.
 B = Non-inter-level travel time spent in this place.
 C = Inter-level travel time spent in this place.
 D = Time resting spent in this place.
 E = Time spent auto-exploring this place.
 F = Levels seen in this place.
 G = Mean time per level.
                   A        B        C        D        E       F      G
               +--------+--------+--------+--------+--------+-----+--------+
         Total |   1471 |   1404 |     67 |    114 |   1075 |   3 |  490.3 |
       Dungeon |   1471 |   1404 |     67 |    114 |   1075 |   3 |  490.3 |
               +--------+--------+--------+--------+--------+-----+--------+

Top non-repeatable levels by time:
     D:2: 758 daAuts
     D:1: 565 daAuts
     D:3: 147 daAuts
